Cogmind - Beta 15 @@@ ROGUE MODE // 2025.07.10 @ 22:21:40 Player: 0x57F Result: Destroyed by S-27 Virus with Autogun Performance ------------- Evolutions (4) 2000 Regions Visited (8) 1600 Robots Destroyed (20) 100 Value Destroyed (444) 444 Prototype IDs (24) 480 Alien Tech Used (0) 0 Bonus (853) 853 TOTAL SCORE: 5477 Bonus ------- Follower Combat Kills 53 Entered DSFs 500 Aligned with FarCom 300 Cogmind --------- Core Integrity 0/850 Matter 300/300 Energy 99/100 System Corruption 9% Temperature Cool (0) Movement Core (50) Location -6/Factory Parts ------- > --- POWER (2) -------- (None) > --- PROPULSION (5) --- (None) > --- UTILITY (6) ------ (None) > --- WEAPON (2) ------- (None) > --- INVENTORY (5) ---- Light Ion Engine Angular Momentum Engine Improved Melee Analysis Suite Peak State ------------ > --- POWER ------------ Light Angular Momentum Engine > --- PROPULSION ------- VTOL Module VTOL Module VTOL Module VTOL Module > --- UTILITY ---------- Improved Signal Interpreter Improved Melee Analysis Suite Reaction Control System Core Shielding System Shield System Shield > --- WEAPON ----------- Field Lobotomy Kit > --- INVENTORY -------- Light Ion Engine Angular Momentum Engine Improved Melee Analysis Suite Recalibrator [Rating: 41] Favorites ----------- Power Ion Engine Engine Ion Engine Power Core Light Nuclear Core Propulsion VTOL Module Leg Aluminum Leg Hover Unit Hover Unit Flight Unit VTOL Module Utility Signal Interpreter Device Reaction Control System Storage Small Storage Unit Processor Signal Interpreter Hackware System Shield Protection Core Shielding Weapon Small Laser Energy Gun Small Laser Ballistic Gun Light Assault Rifle Special Weapon Field Lobotomy Kit Impact Weapon Flail Slashing Weapon Carbide Saw Build | -11 -10 -10 -10 -9 -8 -7 -7 -6 ------- Run | Yrd Mat Min Exi Min Mat Fac DSF Fac Slots Evolved 8 | . . . . . 4 2 . 2 Power 1 | . . . . . . 1 . . Propulsion 3 | . . . . . 2 1 . . Utility 4 | . . . . . 2 . . 2 Weapon . | . . . . . . . . . Parts Attached 54 | 7 5 8 . 6 11 1 3 13 Power 9 | 2 1 . . 2 . . . 4 Engine 7 | 2 . . . 2 . . . 3 Core 2 | . 1 . . . . . . 1 Reactor . | . . . . . . . . . Propulsion 20 | 2 . 5 . 1 5 1 . 6 Treads . | . . . . . . . . . Leg 4 | 2 . . . . . . . 2 Wheel . | . . . . . . . . . Hover 2 | . . 2 . . . . . . Flight 14 | . . 3 . 1 5 1 . 4 Utility 13 | 1 3 1 . 1 4 . 1 2 Device 3 | . . . . 1 1 . 1 . Storage 3 | 1 2 . . . . . . . Processor 4 | . 1 . . . 3 . . . Hackware 2 | . . . . . . . . 2 Protection 1 | . . 1 . . . . . . Artifact . | . . . . . . . . . Weapon 12 | 2 1 2 . 2 2 . 2 1 Energy Gun 2 | 2 . . . . . . . . Energy Cannon . | . . . . . . . . . Ballistic Gun 3 | . . 2 . . . . . 1 Ballistic Cannon . | . . . . . . . . . Launcher . | . . . . . . . . . Special Weapon 2 | . 1 . . 1 . . . . Impact Weapon 2 | . . . . 1 1 . . . Slashing Weapon 3 | . . . . . 1 . 2 . Piercing Weapon . | . . . . . . . . . Special Melee Weapon . | . . . . . . . . . Unidentified Prototypes 1 | . . . . 1 . . . . Parts Lost 29 | . 1 2 . 2 . . . 24 Power 5 | . . 1 . . . . . 4 Propulsion 11 | . . . . . . . . 11 Utility 7 | . . . . 1 . . . 6 Weapon 6 | . 1 1 . 1 . . . 3 Highest Loss Streak 12 | . 1 3 . 1 . . . 12 To Critical Strikes . | . . . . . . . . . Average Backups 5 | 2 6 6 5 4 4 3 4 4 Power 1 | 1 1 . 1 1 1 . . 1 Propulsion 2 | . 3 4 3 2 1 1 1 . Utility 1 | . 1 1 . . . 1 1 1 Weapon . | . . . . . . . . . Tool/Special . | . . . . . . . . . Unused Backups 10 | . 1 5 1 1 1 . . 1 Power . | . . . . . . . . . Propulsion 6 | . 1 3 1 1 . . . . Utility 4 | . . 2 . . 1 . . 1 Weapon . | . . . . . . . . . Tool/Special . | . . . . . . . . . Average Slot Usage (%) 91 | . 98 84 100 96 85 99 100 73 Engine 10 | . 9 12 14 14 9 14 15 5 Core 1 | . 4 . . . . . . . Leg 8 | . 28 5 . . . . . . Flight 19 | . . 12 28 28 35 38 38 24 Device 2 | . . . . 3 5 7 7 6 Storage 4 | . 14 3 . . . . . . Processor 13 | . 13 14 14 14 11 15 15 12 Hackware 2 | . . . . . . . . 9 Protection 5 | . . . 14 10 9 7 7 5 Energy Gun 9 | . 27 9 . . . . . . Ballistic Gun 7 | . . 14 28 23 . . . . Impact Weapon 1 | . . . . . 12 7 2 . Slashing Weapon 2 | . . . . . 1 7 11 5 Peak Build Rating 41 | 6 10 10 8 16 26 29 35 41 Average Rating 15 | 3 7 6 7 10 19 28 33 33 On Entrance 14 | . 6 10 7 8 8 26 29 35 Naked Turns 3 | . . . . . . . . 3 Heaviest Build 18 | 12 17 16 8 8 10 12 14 18 Greatest Support 20 | 20 20 20 8 8 16 20 20 20 Greatest Overweight (x) 1 | . . 1 . . . . . 1 Average Overweight (x) . | . . . . . . . . . Largest Inventory Capacity 25 | 8 25 10 5 5 5 5 5 5 Average Capacity 6 | 6 8 6 5 5 5 5 5 5 Most Carried 10 | 4 10 10 5 5 5 4 5 5 Average Carried 5 | 2 6 5 4 4 4 3 4 4 Final Capacity 10 | 8 10 5 5 5 5 5 5 5 Final Carried 10 | 2 10 5 5 5 5 3 4 3 Class Distribution -------------------- 37% | Mutant 23% | Scavenger-Mutant 20% | Sprinter 11% | Hacker-Sprinter 3% | Scavenger-Scout Dominant Class ---------------- Mutant | -10/Materials Scavenger-Mutant | -10/Mines Scavenger-Mutant | -10/Exiles Scavenger-Mutant | -9/Mines Sprinter | -8/Materials Sprinter | -7/Factory Sprinter | -7/DSF Hacker-Sprinter | -6/Factory Resources | -11 -10 -10 -10 -9 -8 -7 -7 -6 ----------- Run | Yrd Mat Min Exi Min Mat Fac DSF Fac Matter Collected 809 | 212 88 95 . 128 . . 100 186 Remotely . | . . . . . . . . . Salvage Created 618 | . 210 95 . 44 . . . 269 Parts 46 | . 13 12 . 4 . . . 17 Haulers Intercepted 1 | . 1 . . . . . . . Recyclers Shooed . | . . . . . . . . . Parts Field Recycled . | . . . . . . . . . Retrieved Matter . | . . . . . . . . . Parts Self-Destructed . | . . . . . . . . . Prevented . | . . . . . . . . . Kills | -11 -10 -10 -10 -9 -8 -7 -7 -6 ------- Run | Yrd Mat Min Exi Min Mat Fac DSF Fac Combat Hostiles Destroyed 17 | . 3 6 . 3 . . . 5 Melee 4 | . . . . . . . . 4 Guns 13 | . 3 6 . 3 . . . 1 Classes Destroyed 6 | . 3 1 . . . . . 2 Builder 1 | . . . . . . . . 1 Hauler 1 | . 1 . . . . . . . Watcher 1 | . 1 . . . . . . . Swarmer 11 | . . 6 . 3 . . . 2 Grunt 5 | . 3 . . . . . . 2 Specialist 1 | . . . . . . . . 1 Best Kill Streak 4 | . 4 3 . 3 . . . 2 Combat Bots Only 3 | . 3 3 . 3 . . . 2 Max Kills in Single Turn 1 | . 1 1 . 1 . . . 1 Gunslinging . | . . . . . . . . . Exploded . | . . . . . . . . . Melee 1 | . . . . . . . . 1 Uniques/NPCs Destroyed . | . . . . . . . . . Combat | -11 -10 -10 -10 -9 -8 -7 -7 -6 -------- Run | Yrd Mat Min Exi Min Mat Fac DSF Fac Hostile Shots Fired 306 | . 24 21 . 34 3 . 4 220 Missed 108 | . 3 8 . 16 1 . 3 77 Hits 198 | . 21 13 . 18 2 . 1 143 Melee 2 | . . . . 1 . . . 1 Projectile 196 | . 21 13 . 17 2 . 1 142 AOE 5 | . . . . 4 . . . 1 Critical Strikes 3 | . . . . . . . . 3 Part Disruptions 1 | . . . . 1 . . . . Damage Taken 2654 | . 258 107 . 341 29 . 26 1893 Core 1046 | . 60 16 . 117 . . . 853 Absorbed by Shields . | . . . . . . . . . Redirected to Shielding 52 | . . . . 22 . . . 30 Core Remaining (%) 80 | 100 . . . 22 100 . 100 . Volleys Fired 42 | . 11 13 . 11 . . . 7 Largest 2 | . 2 2 . 2 . . . 1 Hottest 140 | . 80 140 . 40 . . . 28 Shots Fired 70 | . 22 21 . 21 . . . 6 Gun 64 | . 22 20 . 20 . . . 2 Cannon . | . . . . . . . . . Launcher . | . . . . . . . . . Special 6 | . . 1 . 1 . . . 4 Kinetic 30 | . . 8 . 20 . . . 2 Thermal 35 | . 22 13 . . . . . . Explosive . | . . . . . . . . . Electromagnetic . | . . . . . . . . . Robot Hit Streak 7 | . 7 5 . 6 . . . 6 Robot Miss Streak 5 | . 5 3 . 3 . . . . Penetration Max . | . . . . . . . . . Secondary Targets 1 | . . . . 1 . . . . Max Gunslinging Chain 1 | . . . . 1 . . . . Shots Hit Robots 46 | . 14 12 . 10 . . . 10 Core Hits 38 | . 11 6 . 6 . . . 15 Critical Kills 1 | . . . . . . . . 1 Critical Parts Destroyed . | . . . . . . . . . Critical Strikes 2 | . . . . . . . . 2 Destroy 1 | . . . . . . . . 1 Sever 1 | . . . . . . . . 1 Melee Attacks 5 | . . . . . . . . 5 Impact . | . . . . . . . . . Slashing 5 | . . . . . . . . 5 Piercing . | . . . . . . . . . Sneak Attacks 2 | . . . . . . . . 2 Combat Hostiles . | . . . . . . . . . Follow-up Attacks . | . . . . . . . . . Damage Inflicted 686 | . 173 125 . 78 . . . 310 Guns 419 | . 173 125 . 78 . . . 43 Cannons . | . . . . . . . . . Explosions . | . . . . . . . . . Melee 142 | . . . . . . . . 142 Ramming 125 | . . . . . . . . 125 Kinetic 144 | . . 23 . 78 . . . 43 Thermal 275 | . 173 102 . . . . . . Explosive . | . . . . . . . . . Electromagnetic . | . . . . . . . . . Impact . | . . . . . . . . . Slashing 142 | . . . . . . . . 142 Piercing . | . . . . . . . . . Highest Corruption 9 | . . . . 3 . . . 9 Average Corruption 3 | . . . . 3 . . . 3 Corruption Purged . | . . . . . . . . . Corruption Blocked . | . . . . . . . . . Effects 12 | . . . . 1 . . . 11 Message Errors 4 | . . . . 1 . . . 3 Matter Fused 1 | . . . . . . . . 1 Heat Flow Errors 2 | . . . . . . . . 2 Data Loss (minor) 2 | . . . . . . . . 2 Data Loss (major) 1 | . . . . . . . . 1 Alerts 1 | . . . . . . . . 1 Weapon Failures 1 | . . . . . . . . 1 Overload Shots . | . . . . . . . . . Overflow Damage 7 | . . . . . . . . 7 Projectiles . | . . . . . . . . . Explosions . | . . . . . . . . . Melee 7 | . . . . . . . . 7 Knockbacks . | . . . . . . . . . Impact . | . . . . . . . . . Kinetic . | . . . . . . . . . Secondary . | . . . . . . . . . Self-Inflicted Damage 59 | . . . . . . . . 59 Shots . | . . . . . . . . . Rammed 14 | . . . . . . . . 14 Targets Rammed 19 | . . . . . . . . 19 Kicked 5 | . . . . . . . . 5 Crushed . | . . . . . . . . . Highest Temperature 207 | . 189 72 . 12 . 89 . 207 Average Temperature 36 | . 69 35 . 3 . 33 . 23 Received Heat Transfer 470 | . 156 . . 41 9 . . 264 Siege Activations . | . . . . . . . . . Martial Activations . | . . . . . . . . . Shielding Activations . | . . . . . . . . . Robots Disrupted . | . . . . . . . . . Combat Hostiles . | . . . . . . . . . Robots Corrupted . | . . . . . . . . . Combat Hostiles . | . . . . . . . . . Parts Fried . | . . . . . . . . . Impact Corruptions . | . . . . . . . . . Robots Melted . | . . . . . . . . . Combat Hostiles . | . . . . . . . . . Parts Melted 2 | . . 2 . . . . . . Heat Transferred 625 | . 400 225 . . . . . . Parts Sabotaged . | . . . . . . . . . Parts Stolen . | . . . . . . . . . Parts Stripped . | . . . . . . . . . Power Chain Reactions . | . . . . . . . . . Alert | -11 -10 -10 -10 -9 -8 -7 -7 -6 ------- Run | Yrd Mat Min Exi Min Mat Fac DSF Fac Maximum Alert Level . | . . . . . . . . . Low Security (%) 100 | 100 100 100 . 100 100 100 100 100 Level 1 . | . . . . . . . . . Level 2 . | . . . . . . . . . Level 3 . | . . . . . . . . . Level 4 . | . . . . . . . . . Level 5 . | . . . . . . . . . High Security . | . . . . . . . . . Max Security . | . . . . . . . . . Peak Influence 151 | . 91 98 . 151 40 16 30 40 Initial 17 | . . 7 . . 17 2 . 15 Average 23 | . 15 65 . 59 8 1 10 4 Influence Increases 859 | . 151 141 . 321 75 16 50 105 Destroy 0b10 Robot/C 460 | . 60 120 . 160 . . 20 100 Destroy 0b10 Robot/NC 15 | . 10 . . . . . . 5 Destroy Leader 54 | . 14 20 . 20 . . . . Allied During Kill 6 | . . . . 6 . . . . Successful Hack 23 | . 7 . . . . 16 . . Destroy Structure 1 | . . 1 . . . . . . Partial Spotted 45 | . . . . 30 15 . . . Lose Combat Pursuer 255 | . 60 . . 105 60 . 30 . Influence Decreases 859 | . 131 103 58 276 115 21 20 135 Entered New Map 117 | . . 13 58 . 28 3 . 15 Time Decay 570 | . 121 70 . 236 57 18 . 68 Lost Part 102 | . 10 20 . 20 . . . 52 Lost Ally 40 | . . . . 20 . . 20 . Purge Threat 30 | . . . . . 30 . . . Squads Dispatched 13 | . 1 . . . 3 . 1 8 Investigation 2 | . . . . . 2 . . . Extermination 1 | . . . . . . . . 1 Reinforcement 8 | . 1 . . . 1 . 1 5 Assault . | . . . . . . . . . Garrison 2 | . . . . . . . . 2 Intercept . | . . . . . . . . . Searches Triggered . | . . . . . . . . . Construction Impeded . | . . . . . . . . . Haulers Reinforced 1 | . . . . . . . . 1 Active Scanning Responses . | . . . . . . . . . Cargo Convoy Interrupts . | . . . . . . . . . Stealth | -11 -10 -10 -10 -9 -8 -7 -7 -6 --------- Run | Yrd Mat Min Exi Min Mat Fac DSF Fac Distress Signals 4 | . . . . 3 . . . 1 Communications Jammed . | . . . . . . . . . Distress Signals . | . . . . . . . . . Times Spotted 69 | . 13 6 . 23 4 . 4 19 Peak Tracking Total 13 | . 3 3 . 13 5 . 3 9 Tactical Retreats 14 | . 3 . . 7 3 . 1 . Traps | -11 -10 -10 -10 -9 -8 -7 -7 -6 ------- Run | Yrd Mat Min Exi Min Mat Fac DSF Fac Traps Triggered 1 | . . . . . . . . 1 Indirectly . | . . . . . . . . . Trap Hack Attempts . | . . . . . . . . . Triggered . | . . . . . . . . . Disarmed 4 | . 4 . . . . . . . Reprogrammed . | . . . . . . . . . Reused . | . . . . . . . . . Traps Extracted . | . . . . . . . . . Installed . | . . . . . . . . . Triggered . | . . . . . . . . . Machines | -11 -10 -10 -10 -9 -8 -7 -7 -6 ---------- Run | Yrd Mat Min Exi Min Mat Fac DSF Fac Machines Disabled . | . . . . . . . . . Max in Single Turn . | . . . . . . . . . Machines Repaired . | . . . . . . . . . Machines Dismantled . | . . . . . . . . . Machines Sabotaged . | . . . . . . . . . Overloaded Fab Kills . | . . . . . . . . . Hacking | -11 -10 -10 -10 -9 -8 -7 -7 -6 --------- Run | Yrd Mat Min Exi Min Mat Fac DSF Fac Machines Accessed 18 | . 5 . 3 . 6 2 . 2 Terminals 10 | . 4 . . . 4 1 . 1 Fabricators 2 | . . . . . . 1 . 1 Repair Stations . | . . . . . . . . . Recycling Units 2 | . 1 . . . 1 . . . Scanalyzers 1 | . . . . . 1 . . . Garrison Access . | . . . . . . . . . Total Hacks 46 | . 10 . 17 . 11 5 . 3 Successful 32 | . 5 . 17 . 7 2 . 1 Failed 14 | . 5 . . . 4 3 . 2 Catastrophic 1 | . . . . . 1 . . . Database Lockouts . | . . . . . . . . . Manual 7 | . 3 . 1 . 3 . . . Terminals 19 | . 7 . . . 8 3 . 1 Fabricators 4 | . . . . . . 2 . 2 Repair Stations . | . . . . . . . . . Recycling Units 4 | . 3 . . . 1 . . . Scanalyzers 2 | . . . . . 2 . . . Garrison Access . | . . . . . . . . . Terminal Hacks 26 | . 3 . 17 . 4 1 . 1 Record 18 | . . . 16 . 2 . . . Open DSF 1 | . . . . . . 1 . . Branch Access Points 1 | . 1 . . . . . . . Emergency Access Points 1 | . . . . . 1 . . . Alert Level 2 | . 1 . . . . . . 1 Unreport Threat 1 | . . . . . 1 . . . Disarm Traps 1 | . 1 . . . . . . . Proto ID Catalog 1 | . . . 1 . . . . . Fabricator Hacks 1 | . . . . . . 1 . . Build 1 | . . . . . . 1 . . Repair Station Hacks . | . . . . . . . . . Recycling Unit Hacks 1 | . 1 . . . . . . . Report Inventory 1 | . 1 . . . . . . . Scanalyzer 2 | . . . . . 2 . . . Insert Component 1 | . . . . . 1 . . . Analyze 1 | . . . . . 1 . . . Garrison Access Hacks . | . . . . . . . . . Unauthorized Hacks 2 | . 1 . . . 1 . . . Terminals . | . . . . . . . . . Fabricators . | . . . . . . . . . Repair Stations . | . . . . . . . . . Recycling Units 2 | . 1 . . . 1 . . . Reject 1 | . . . . . 1 . . . Recyclers 1 | . 1 . . . . . . . Scanalyzers . | . . . . . . . . . Garrison Access . | . . . . . . . . . Data Cores Recovered . | . . . . . . . . . Used . | . . . . . . . . . Hacking Detections 6 | . 3 . . . 2 1 . . Full Trace Events 2 | . . . . . 2 . . . Feedback Events . | . . . . . . . . . Feedback Blocked . | . . . . . . . . . Robot Schematics Acquired . | . . . . . . . . . Robots Built 4 | . . . . . . 4 . . Authchips . | . . . . . . . . . Time 67 | . . . . . . 67 . . Total Robot Build Rating 16 | . . . . . . 16 . . Part Schematics Acquired 1 | . . . . . 1 . . . Parts Built . | . . . . . . . . . Authchips . | . . . . . . . . . Time . | . . . . . . . . . Total Part Build Rating . | . . . . . . . . . Parts Repaired . | . . . . . . . . . Time . | . . . . . . . . . Parts Recycled . | . . . . . . . . . Recycled Matter . | . . . . . . . . . Retrieved Matter . | . . . . . . . . . Retrieved Components . | . . . . . . . . . Parts Scanalyzed 1 | . . . . . 1 . . . Part Schematics Acquired 1 | . . . . . 1 . . . Parts Damaged . | . . . . . . . . . Bothacking | -11 -10 -10 -10 -9 -8 -7 -7 -6 ------------ Run | Yrd Mat Min Exi Min Mat Fac DSF Fac Used RIF Installer . | . . . . . . . . . Robots Hacked . | . . . . . . . . . Non-combat . | . . . . . . . . . Combat . | . . . . . . . . . Robot Hacks Applied . | . . . . . . . . . Relay Couplers Released . | . . . . . . . . . Fabnet Peak Effective % . | . . . . . . . . . Robots Rewired . | . . . . . . . . . Allies Hacked . | . . . . . . . . . Hacks Repelled . | . . . . . . . . . Allies | -11 -10 -10 -10 -9 -8 -7 -7 -6 -------- Run | Yrd Mat Min Exi Min Mat Fac DSF Fac Total Allies 9 | . . . . 1 . 4 . 4 Largest Group 4 | . . . . 1 . 4 4 1 Highest-Rated Group 48 | . . . . 16 . 48 48 37 Highest-Rated Ally 37 | . . . . 16 . 12 12 37 Total Orders . | . . . . . . . . . Ally Attacks 36 | . . . . 8 . . 21 7 Total Damage 494 | . . . . 131 . . 182 181 Kills 6 | . . . . 5 . . 1 . Allies Corrupted . | . . . . . . . . . Allies Melted . | . . . . . . . . . Field Lobotomies 5 | . . . . 1 . . . 4 Intel | -11 -10 -10 -10 -9 -8 -7 -7 -6 ------- Run | Yrd Mat Min Exi Min Mat Fac DSF Fac Active Infowar (turns) 115 | . . . . 115 . . . . Sensors 115 | . . . . 115 . . . . Robot Analysis Total . | . . . . . . . . . Derelict Logs Recovered 3 | . . . . 3 . . . . Drone Launches . | . . . . . . . . . Drone Recoveries . | . . . . . . . . . Exploration | -11 -10 -10 -10 -9 -8 -7 -7 -6 ------------- Run | Yrd Mat Min Exi Min Mat Fac DSF Fac Turns Passed 2816 | 59 859 150 213 532 178 132 91 602 Spaces Moved 3724 | 41 507 173 569 759 486 259 194 736 Core 38 | 7 . . . . . . . 31 Treads . | . . . . . . . . . Legs 553 | 34 507 9 . . . . . 3 Wheels . | . . . . . . . . . Hover 27 | . . 27 . . . . . . Flight 3106 | . . 137 569 759 486 259 194 702 Fastest Speed 23 | 50 120 37 37 37 26 23 23 23 Average Speed 44 | 108 120 46 37 37 26 23 23 26 Slowest Speed 120 | 120 120 120 37 37 31 23 23 120 Overloaded Moves . | . . . . . . . . . Propulsion Burnouts . | . . . . . . . . . Robots Hopped 9 | . . . . 4 . 1 . 4 Potential Cave-ins . | . . . . . . . . . Cave-ins Triggered . | . . . . . . . . . Exploration Rate (%) 49 | 3 70 24 92 95 45 8 93 14 Regions Visited 8 Branch Regions 3 Pre-discovered Areas . | . . . . . . . . . Known Exits Taken 6 | . 1 1 1 1 1 1 . . Unknown Exits Taken 1 | 1 . . . . . . . . Scrap Searched 3 | . . . . 3 . . . . Spaces Dug . | . . . . . . . . . Terrain Destroyed 1 | . . 1 . . . . . . Melee . | . . . . . . . . . Projectile 1 | . . 1 . . . . . . AOE . | . . . . . . . . . Terrain Rammed . | . . . . . . . . . Walls Destroyed . | . . . . . . . . . Machines Disabled . | . . . . . . . . . Actions | -11 -10 -10 -10 -9 -8 -7 -7 -6 --------- Run | Yrd Mat Min Exi Min Mat Fac DSF Fac Total 4794 | 56 735 224 571 988 536 329 239 1116 Wait 873 | . 198 11 1 206 24 70 39 324 Move 3698 | 40 506 172 568 750 485 256 193 728 Hop 9 | . . . . 4 . 1 . 4 Pick Up 45 | 8 11 5 1 2 6 . 2 10 Fast Attach 15 | . 1 3 . 2 5 . 1 3 Attach 29 | 7 1 1 . 2 2 2 1 13 Detach 4 | 1 . . . 1 . . . 2 Swap 22 | . 4 6 . 5 6 . 1 . Drop 33 | . 3 13 1 5 8 . 2 1 Fire 42 | . 11 13 . 11 . . . 7 Melee 5 | . . . . . . . . 5 Ram 14 | . . . . . . . . 14 Kick 5 | . . . . . . . . 5 Crush . | . . . . . . . . . Escape Stasis . | . . . . . . . . . Rewire . | . . . . . . . . . Trap . | . . . . . . . . . Miscellaneous . | . . . . . . . . . Route ------- -11/Scrapyard -10/Materials (discovered 4 exits: *Mat x2 / *Min / *Sub) -10/Mines (discovered 2 exits: *Exi / *Sub) -10/Exiles (discovered 2 exits: *Min x2) -9/Mines -8/Materials -7/Factory -7/DSF -6/Factory History --------- Turn | Location | Event 3 | -11/Scrapyard | Discovered new exit (range 16) 60 | -11/Scrapyard | Entered Materials 215 | -10/Materials | Discovered new exit (range 13) 306 | -10/Materials | Build established: Mutant 751 | -10/Materials | Identified exit to Mines 769 | -10/Materials | Discovered new exit (range 16) 816 | -10/Materials | Identified exit to Materials 821 | -10/Materials | Discovered new exit (range 9) 829 | -10/Materials | Identified exit to Subcaves 919 | -10/Materials | Entered Mines 958 | -10/Mines | Lost 3 parts (1p2w) 1009 | -10/Mines | Discovered exit to Subcaves (range 13) 1048 | -10/Mines | Joined a pair of Derelicts in attacking an 0b10 outpost 1068 | -10/Mines | Deemed a non-threat by the Exiles lab entrance 1068 | -10/Mines | Discovered new exit (range 5) 1069 | -10/Mines | Identified exit to Exiles 1069 | -10/Mines | Entered Exiles 1075 | -10/Exiles | Discovered new exit (range 14) 1079 | -10/Exiles | Identified exit to Mines 1086 | -10/Exiles | Met 8R-AWN 1092 | -10/Exiles | Met EX-HEX 1112 | -10/Exiles | Met EX-DEC 1135 | -10/Exiles | Discovered exit to Mines (range 14) 1161 | -10/Exiles | Visited The Gauntlet 1208 | -10/Exiles | Met EX-BIN 1226 | -10/Exiles | Aligned with FarCom system 1226 | -10/Exiles | Given EX-Vault access code 1244 | -10/Exiles | Opened EX-Vault 1247 | -10/Exiles | Found Field Lobotomy Kit 1256 | -10/Exiles | Warned to stay clear of 0b10 Research branches 1282 | -10/Exiles | Left Exiles lab with Field Lobotomy Kit 1282 | -10/Exiles | Entered Mines 1286 | -9/Mines | Build established: Scavenger-Mutant 1293 | -9/Mines | Learned Materials garrison access intel 1294 | -9/Mines | Identified exit to Materials 1356 | -9/Mines | Assimilated G-47 Trooper with FLK Orb 1526 | -9/Mines | Assembled infested the area 1531 | -9/Mines | Assisted by a Guerilla fighting off Assembled 1538 | -9/Mines | Learned Materials machine intel 1582 | -9/Mines | Found a damaged Exp. Sensor Array with a note attached 1584 | -9/Mines | Found Prototype Device 1585 | -9/Mines | Identified Exp. Sensor Array 1726 | -9/Mines | Core integrity fell below 50% 1814 | -9/Mines | Entered Materials 1814 | -8/Materials | Evolved 4 slots: Propulsion x2, Utility x2 1815 | -8/Materials | Loaded intel: 54 machine locations 1816 | -8/Materials | Loaded intel: 1 garrison access location 1966 | -8/Materials | Discovered new exit (range 16) 1992 | -8/Materials | Identified exit to Factory 1992 | -8/Materials | Entered Factory 1992 | -7/Factory | Evolved 2 slots: Power x1, Propulsion x1 2097 | -7/Factory | Fabricated S-27 Virus (x4) 2110 | -7/Factory | Identified exit to DSF 2124 | -7/Factory | Entered DSF 2124 | -7/DSF | Accompanied by 4 allies 2141 | -7/DSF | Additional patrols routed to DSF 2149 | -7/DSF | Discovered new exit (range 15) 2215 | -7/DSF | Identified exit to Factory 2215 | -7/DSF | Entered Factory 2215 | -6/Factory | Evolved 2 slots: Utility x2 2324 | -6/Factory | Lost 5 parts (2p2n1w) 2681 | -6/Factory | Assimilated P-60 Hacker with FLK Orb 2697 | -6/Factory | Assimilated S-27 Virus with FLK Orb 2702 | -6/Factory | Assimilated R-10 Processor with FLK Orb 2705 | -6/Factory | Assimilated H-66 Slayer with FLK Orb 2705 | -6/Factory | Garrison activated, responded to threat 2737 | -6/Factory | Lost 4 allies 2747 | -6/Factory | Lost 7 parts (1p3n2u1w) 2793 | -6/Factory | Core integrity fell below 50% 2812 | -6/Factory | Core integrity fell below 20% 2817 | -6/Factory | Destroyed by S-27 Virus with Autogun Last Messages --------------- 02794_ System corrupted: Gauss Rifle jammed. 02795_ Gauss Rifle destroyed. 02796_ Kicked Y-54 Guardian. 02798_ Y-54 Guardian shuts down. 02799_ Kicked X-72 Disruptor. 02801_ Kicked X-72 Disruptor out of the way. 02801_ Imp. Carbon-fiber Leg destroyed. 02803_ /|GR AOCYSQCV:MNS%4NXWVZPT/| 02803_ K-01 Serf latches onto Y-54 Guardian. 02803_ K-01 Serf pushes Y-54 Guardian. 02805_ S-27 Virus destroyed. 02806_ K-01 Serf pushes Y-54 Guardian. 02812_ Knocked back. 02812_ R-10 Processor knocked back. 02812_ Slammed into A-15 Conveyor. 02813_ A-15 Conveyor calls for reinforcements. 02813_ ALERT: Hostile activity reported, dispatching reinforcements to area. 02814_ Broken Imp. Signal Interpreter severed. 02816_ U-05 Engineer lays Concrete. Map ----- +----------------------------------------------------+ | ???????????????????????????????????????????"" = | | ??????????????????????????????????????????""" | | ???????????????????????????????????????????? | | ?????????????????????????????????????????????????? | | ?????????????????????????????????????????????????? | | ???????????????# ????????????????????????????????? | | ???????????????# ????????????????????????????????? | | ???????????????# ####?##################+######### | | ???????????????# ?# # | | ???????????????# ?# !*# | | ???????????????# ?# !!# | | ???????????????# ## !%!%# | | ???????????????# ## !!%%%# | | ???????????????# ## %%!% %# ######## | | ???????????????# ############+###% # | | ???????????????# % # | | ???????????????# % + | | ???????????????# u % Yxg # | | ???????????????# x u # | | ???????????????# cc # | | ???????????????# A ######## | | ??????????###### #??????# | | ????????? s ######## | | ????????? s # # | | ????????? # # | | ???????? @ # # | | ??????? R s%* # # | | ????????############### # # | | ??????????????????????# # # | | ??????????????????????# # # | | ??????????????????????# + # | | ??????????????????????# # #####+## | | ??????????????????????# # #???# #? | | ??????????????????????# # #???# #? | | ????????????????????######+### # #???# ## | | ????????????????????# # # #???# | | | ????????????????????# """" # # #???# | | ????????????????????# """" # ############ | | ????????????????????# """" # #???# # | | ????????????????????# """" # #???#""" # | | ????????????????????# """" # #???#"T +! | | ????????????????????# """" # #???#""" # | | ????????????????????# """" # #???# # | | ????????????????????# # #???# !# | | ????????????????????########## #???######## | | ?????????????????????????????# #########??#+# | | ?????????????????????????????# # ? # | | ?????????????????????????????# # " " " " " # | | ??????????????????##########?# ^ ^# " " " " " # | | ?????????????????? # ^ ^# " " " " " #" | +----------------------------------------------------+ Best States ------------- Heat Dissipation 37 Energy Generation 18 Energy Capacity 300 Matter Stores 300 Matter Capacity 300 Sight Range 16 Robot Scan Range 20 Terrain Scan Density 10 Core Shielding 20 Evasion (%) 73 Melee Accuracy 6 Defensive Hacking 20 Item Schematics ----------------- VTOL Module | -8/Materials | Scanalyzed Robot Schematics ------------------ None Fabricated ------------ S-27 Virus | x4 | -7/Factory | Preloaded Repaired ---------- Nothing Alien Tech Used ----------------- None Achievements -------------- Can't Catch Me Everything Is Under Control Fist Fight I Survived The Infestation My Command Is Your Wish Slippery One Storm Trooper Challenges ------------ None Game ------ Seed WardroneParticleStripper Manual? 0 Play Time 01:05:04 Cumulative 6.2 hours Start 2025.07.10 @ 21:18:37 End 2025.07.10 @ 22:21:40 Sessions 1 Manual Loads 0 Difficulty Rogue Special Mode None Game No. 8 Rogue 8 Adventurer 0 Explorer 0 Win Type - Total 0 Types 0/0/0/0/0/0/0/0/0/0 Lore% 13 Gallery% 9 Achievement% 14 Wizard Run 0 Options --------- Layout 1 ASCII 0 Keyboard 0 Movement Mouse Keybinds 0 Fullscreen 1 Font 24/Swanston Map View 50x35 Zoom Use 0% Tactical HUD 1 Map Filters NONE Filters NONE Steam 1 RUN: 8867673d-5c38-4173-a1d6-233b9efeb39e